 Dungeon Crawl Stone Soup version 0.19-a0-1091-g463c9de (webtiles) character file.

318 4thArraOfDagon the Slasher (level 6, -7/57 HPs)
             Began as a Minotaur Berserker on Aug 7, 2016.
             Was a Believer of Trog.
             Mangled by Edmund
             ... wielding a +4 flail of protection
              (12 damage)
             ... on level 5 of the Dungeon.
             The game lasted 00:02:19 (438 turns).

4thArraOfDagon the Slasher (Minotaur Berserker)      Turns: 438, Time: 00:02:19

Health: -7/57      AC:  2    Str: 27    XL:     6   Next: 21%
Magic:  5/5        EV: 13    Int:  6    God:    Trog [**....]
Gold:   142        SH:  0    Dex:  9    Spells: 0 memorised, 5 levels left

rFire  x . .     SeeInvis .     a - +0 falchion
rCold  + . .     Gourm    .     b - +0 animal skin
rNeg   . . .     Faith    .     (no shield)
rPois  .         Spirit   .     (helmet restricted)
rElec  .         Dismiss  .     (no cloak)
rCorr  .         Reflect  .     (no gloves)
SustAt .         Harm     .     (no boots)
MR     .....                    d - amulet of rage
Stlth  +.........               o - ring of ice
                                n - ring of wizardry

@: mighty, exhausted, slowed, very slow
A: retaliatory headbutt, horns 2
a: Berserk, Trog's Hand, Burn Spellbooks, Renounce Religion, Evoke Berserk Rage


You were on level 5 of the Dungeon.
You worshipped Trog.
Trog was pleased with you.
You were not hungry.

You visited 1 branch of the dungeon, and saw 5 of its levels.

You collected 142 gold pieces.

Inventory:

Hand Weapons
 a - a +0 falchion (weapon)
Armour
 b - a +0 animal skin (worn)
Jewellery
 d - an amulet of rage (around neck)
 n - a ring of wizardry (left hand)
 o - a ring of ice (right hand)
Wands
 l - a wand of digging (7/24)
 p - a wand of acid (6/15)
Scrolls
 e - a scroll of teleportation {unknown}
 f - 2 scrolls of enchant armour {unknown}
 g - a scroll of amnesia {unknown}
 j - a scroll of fear {unknown}
 k - 3 scrolls of random uselessness {unknown}
 q - 2 scrolls of remove curse {unknown}
 r - a scroll of identify {unknown}
Potions
 h - a potion of curing
 m - a potion of might
Comestibles
 c - a bread ration
 i - a beef jerky
 s - a meat ration


   Skills:
 + Level 5.7 Fighting
 + Level 5.9 Long Blades
 + Level 2.9 Armour
 + Level 3.9 Dodging


You had 5 spell levels left.
You didn't know any spells.

Dungeon Overview and Level Annotations

Branches:
Dungeon (5/15)
 Temple: D:4-7

Altars:

Annotations:
D:5 Edmund


Innate Abilities, Weirdness & Mutations

You reflexively headbutt those who attack you in melee.
You have a pair of horns on your head.


Message History

Eat a chunk of flesh? (ye/n/q)
You start eating the chunk of flesh.
You continue eating.
Your skin stops crawling.
You feel less resistant to hostile enchantments.
You continue eating.
You feel sick.
You are no longer poisoned.
Edmund shouts!
You finish eating.
This raw flesh tastes terrible.
Unknown command.
Unknown command.
It was a potion of curing.
You feel better.
Edmund hits you with a flail of protection!
* * * LOW HITPOINT WARNING * * *
Unknown command.
It was a potion of might.
You feel very mighty all of a sudden.
Edmund hits you with a flail of protection!
You die...

..... ......#######.#.#
8....##.#.........#.#.#
.......................
.........#######.####^#
......................
###....###.###.####.#
#.......)<......#.#
#.....#...##.#.##.#
#.@@..#......#.##.#
#...#'#.#.(....# ##(#
###.#.#.#......#
#.#.#.#......#
#.#.#.#....### #.#.#
...... #.#.# #.#.# ..#


You could see Edmund.

Vanquished Creatures
  A water moccasin zombie (D:5)
  A scorpion (D:5)
  2 howler monkeys
  A crimson imp (D:4)
  A hound (D:4)
  A giant frog skeleton (D:5)
  2 adders (D:2)
  A giant gecko (D:5)
  2 orcs
  A goblin (D:1)
  3 hobgoblins (D:2)
  8 jackals
  A giant newt (D:1)
  A kobold (D:1)
  A rat (D:1)
27 creatures vanquished.

Notes
Turn   | Place    | Note
-------+----------+-------------------------------------------
     0 | D:1      | 4thArraOfDagon the Minotaur Berserker began the quest for the Orb.
     0 | D:1      | Reached XP level 1. HP: 19/19 MP: 0/0
    41 | D:1      | Reached XP level 2. HP: 18/27 MP: 1/1
   125 | D:2      | Reached ** piety under Trog
   153 | D:2      | Reached XP level 3. HP: 15/33 MP: 2/2
   196 | D:4      | Reached XP level 4. HP: 35/41 MP: 3/3
   199 | D:4      | Reached skill level 5 in Fighting
   199 | D:4      | Reached XP level 5. HP: 42/48 MP: 4/4
   350 | D:4      | Noticed a phantom
   354 | D:5      | Entered Level 5 of the Dungeon
   372 | D:5      | Reached skill level 5 in Long Blades
   426 | D:5      | Reached XP level 6. HP: 21/56 MP: 5/5
   436 | D:5      | Noticed Edmund
   438 | D:5      | Mangled by Edmund

Vault maps used:
D:1:      minmay_arrival_three_doors, grunt_decor_mini_mirrors
D:2:      uniq_sigmund
D:3:      first_bread, portal_sewer_entry_b, trog_book, uniq_terence
D:4:      amethyst_overflow_temple_binary, due_unseen_surprise
D:5:      grunt_temple_overflow_open, uniq_edmund

Skill      XL: |  1  2  3  4  5 |
---------------+----------------+-----
Long Blades    | 4 5 |  5.9
Fighting       | 4 5 |  5.7
Dodging        | 3 |  3.9
Armour         | |  2.9

Action                   |  1- 3 |  4- 6 || total
-------------------------+-------+-------++-------
Melee: Falchion          |    38 |    28 ||    66
       Headbutt          |     3 |     8 ||    11
Invok: Berserk           |     3 |     1 ||     4
       Trog's Hand       |       |     1 ||     1
Evoke: Wand              |       |     1 ||     1
  Use: Potion            |     1 |     2 ||     3
  Eat: Chunk             |       |     3 ||     3
Armor: Animal skin       |     5 |       ||     5
Dodge: Dodged            |    24 |    17 ||    41
